Map: Glittering Ashes LE

Players

SportsLiker - Winner!

  • Race: Protoss Protoss
  • League: Diamond
  • Spawn Location: 1:00

ManneRBeeR

  • Race: Protoss Protoss
  • League: Diamond
  • Spawn Location: 7:00

VOD

Have the link to the VOD?

Description

Time

  • Played on: June 24, 2022, 12:34 a.m.
  • Length: 8:05
Show
View Real Time Build Order
Export as new Build Order

SportsLiker Protoss - Winner!

Build Orders: 1 Gate Expand, Zealot Archon, Archon Drop 

Get SALT Encoding   

  12  0:00  Probe  
  13  0:13  Probe  
  14  0:18  Pylon  
  14  0:25  Probe  
  15  0:37  Gateway  
  15  0:39  Probe (Chrono Boost)  
  16  0:45  Assimilator  
  16  0:49  Probe (Chrono Boost)  
  17  0:55  Probe  
  18  1:07  Probe  
  19  1:19  Probe  
  20  1:26  Nexus  
  20  1:31  Probe  
  21  1:35  Assimilator  
  21  1:44  Cybernetics Core  
  21  1:47  Probe  
  21  1:59  Pylon  
  21  2:03  Probe  
  22  2:15  Probe  
  23  2:23  Shield Battery  
  23  2:27  Probe  
  24  2:31  Stalker (Chrono Boost)  
  24  2:32  Warp Gate  
  26  2:39  Probe (Chrono Boost)  
  28  2:45  Probe (Chrono Boost)  
  28  2:46  Robotics Facility  
  28  2:48  Probe (Chrono Boost)  
  29  2:53  Probe (Chrono Boost)  
  29  2:56  Stalker (Chrono Boost)  
  32  3:01  Probe  
  32  3:04  Probe  
  34  3:13  Probe (Chrono Boost)  
  34  3:18  Pylon, Sentry  
  34  3:19  Probe (Chrono Boost)  
  38  3:25  Probe (Chrono Boost)  
  39  3:32  Probe x2 (Chrono Boost)  
  39  3:34  Observer  
  42  3:39  Probe  
  42  3:40  Probe  
  44  3:45  Forge  
  44  3:47  Twilight Council  
  44  3:51  Probe (Chrono Boost)  
  46  3:56  Probe (Chrono Boost)  
  46  3:58  Assimilator  
  46  4:00  Immortal  
  46  4:01  Assimilator  
  51  4:03  Probe (Chrono Boost)  
  51  4:08  Pylon, Probe (Chrono Boost)  
  54  4:21  Protoss Ground Weapons Level 1 (Chrono Boost)  
  54  4:26  Probe x2  
  56  4:33  Charge  
  54  4:38  Probe  
  54  4:42  Pylon  
  54  4:45  Gateway x2  
  55  4:50  Gateway  
  55  4:53  Gateway  
  55  4:59  Immortal (Chrono Boost)  
  55  5:01  Gateway x2  
  59  5:18  Templar Archives  
  59  5:21  Pylon  
  57  5:22  Stalker  
  58  5:31  Probe (Chrono Boost)  
  60  5:36  Warp Prism, Probe (Chrono Boost)  
  62  5:44  Probe (Chrono Boost)  
  62  5:46  Stalker x3  
  69  5:54  Pylon  
  69  5:56  Pylon  
  69  6:05  Gateway  
  69  6:06  Gateway  
  69  6:08  High Templar  
  69  6:09  High Templar  
  69  6:10  High Templar x2  
  77  6:12  Archon  
  77  6:16  Archon  
  77  6:20  Zealot x3  
  83  6:30  Pylon  
  83  6:32  Pylon  
  83  6:48  Zealot x7  
  79  7:19  Stalker x2  
  79  7:20  Stalker x5  
  81  7:37  Stalker x2  
  81  7:58  Zealot x6  
Show
View Real Time Build Order
Export as new Build Order

ManneRBeeR Protoss 

Build Orders:  

Get SALT Encoding   

  12  0:00  Probe  
  13  0:12  Probe  
  14  0:18  Pylon  
  14  0:24  Probe  
  15  0:31  Assimilator  
  15  0:37  Probe  
  16  0:45  Gateway  
  16  0:49  Probe  
  17  1:01  Probe  
  18  1:13  Probe  
  20  1:25  Probe  
  20  1:33  Cybernetics Core  
  20  1:37  Probe  
  21  1:50  Probe  
  22  1:56  Nexus  
  22  2:00  Pylon  
  22  2:03  Probe  
  23  2:30  Probe  
  23  2:31  Stalker  
  23  2:33  Warp Gate  
  26  2:43  Stargate  
  26  2:48  Probe  
  26  2:50  Pylon  
  27  2:54  Shield Battery  
  27  3:01  Assimilator, Stalker  
  29  3:07  Probe  
  29  3:11  Probe  
  31  3:19  Probe  
  32  3:23  Probe  
  37  3:36  Probe  
  37  3:37  Probe  
  37  3:38  Void Ray  
  37  3:39  Assimilator  
  39  3:42  Pylon  
  39  3:45  Stalker  
  41  3:48  Probe  
  41  3:49  Probe  
  41  3:53  Gateway  
  43  4:01  Probe x2  
  45  4:13  Probe x2  
  51  4:21  Void Ray  
  51  4:25  Probe  
  51  4:29  Stalker  
  54  4:37  Probe x2  
  56  4:41  Nexus  
  56  4:46  Pylon  
  56  4:52  Gateway  
  56  4:58  Gateway  
  60  5:10  Probe x2  
  60  5:11  Void Ray  
  62  5:30  Probe x2  
  62  5:32  Assimilator  
  62  5:35  Stalker x2  
  68  5:38  Twilight Council  
  68  5:42  Probe  
  69  5:49  Probe  
  70  5:53  Forge  
  70  5:57  Probe  
  70  6:00  Pylon  
  70  6:04  Probe x2  
  72  6:08  Stalker  
  72  6:09  Stalker x3, Probe  
  82  6:21  Assimilator x2, Probe  
  83  6:26  Photon Cannon  
  83  6:29  Shield Battery  
  83  6:31  Probe  
  84  6:35  Photon Cannon  
  84  6:37  Probe  
  84  6:39  Photon Cannon  
  85  6:42  Pylon  
  85  6:45  Zealot x2  
  89  6:49  Zealot  
  89  6:50  Zealot  
  93  6:56  Pylon  
  93  7:00  Pylon, Probe x2  
  95  7:15  Probe x2  
  72  7:27  Stalker x3  
  72  7:28  Stalker  
  65  7:33  Void Ray (Chrono Boost)  
  63  7:41  Probe  
  64  7:49  Gateway x2  
  64  7:50  Zealot  
  64  7:51  Zealot x2  
Tags
 
Add a new tag
Caveats
  • Supply blocks, unpowered buildings, or Contaminate may cause inaccurate times.
  • Supply counts are checked every 10 seconds.